 Dungeon Crawl Stone Soup version 0.23-a0-305-g7ffd15e (webtiles) character file.

844 galech the Chopper (level 7, -9/54 HPs)
             Began as a Demonspawn Fighter on Oct 9, 2018.
             Mangled by an ogre
             ... wielding a +0 giant spiked club
              (20 damage)
             ... on level 7 of the Dungeon.
             The game lasted 00:05:40 (4281 turns).

galech the Chopper (Demonspawn Fighter)             Turns: 4281, Time: 00:05:41

Health: -9/54      AC: 13    Str: 16    XL:     7   Next: 68%
Magic:  7/7        EV:  9    Int:  9    God:
Gold:   305        SH:  9    Dex: 15    Spells: 6/6 levels left

rFire    . . .     SeeInvis .   a - +0 war axe
rCold    . . .     Gourm    .   c - +0 shield
rNeg     . . .     Faith    .   k - quicksilver dragon scales
rPois    .         Spirit   .   (no helmet)
rElec    .         Reflect  .   e - +0 cloak
rCorr    .         Harm     .   (no gloves)
MR       +....                  (no boots)
Stlth    +.........             (no amulet)
HPRegen  0.18/turn              (no ring)
MPRegen  0.10/turn              (no ring)

@: no status effects
A: talons 1, slimy green scales 1, powered by pain 1, spiny 1
a: no special abilities


You were on level 7 of the Dungeon.
You were very hungry.

You visited 1 branch of the dungeon, and saw 7 of its levels.
You also visited: Sewer.

You collected 305 gold pieces.

Inventory:

Hand Weapons
 a - a +0 war axe (weapon)
Armour
 c - a +0 shield (worn)
 e - a +0 cloak (worn)
 k - quicksilver dragon scales (worn)
Scrolls
 b - 3 scrolls of remove curse {unknown}
 i - 5 scrolls of teleportation {unknown}
 j - 2 scrolls of amnesia
 o - a scroll of fear {unknown}
 q - 6 scrolls of identify
 t - a scroll of immolation {unknown}
Potions
 d - a potion of might
 g - 2 potions of invisibility {unknown}
 h - a potion of brilliance {unknown}
 l - 10 potions of curing {unknown}
 m - 2 potions of agility {unknown}
 n - 3 potions of flight {unknown}
 p - 2 potions of heal wounds {unknown}
 r - a potion of cancellation {unknown}
 s - a potion of ambrosia {unknown}
 u - a potion of mutation {unknown}
Comestibles
 f - 17 rations


   Skills:
 + Level 4.2 Fighting
 + Level 5.4 Axes
 + Level 4.3 Armour
 + Level 2.2 Dodging
 + Level 0.5 Stealth
 + Level 4.0 Shields


You had 6 spell levels left.
You didn't know any spells.
Your spell library contained the following spells:

 Spells                   Type           Power        Failure   Level  Hunger
 Magic Dart               Conj           #...         97%         1    ##.....
 Searing Ray              Conj           #.....       99%         2    ###....
 Dazzling Spray           Conj/Hex       #.....       100%        3    ####...
 Force Lance              Conj/Tloc      #.......     100%        4    #####..
 Fulminant Prism          Conj/Hex       #.........   100%        4    #####..
 Iskenderun's Mystic Bla  Conj           #.......     100%        4    #####..


Dungeon Overview and Level Annotations

Branches:
Dungeon (7/15)
 Temple: D:4-7

Altars:
Beogh

Annotations:
D:5 3 runed doors, DapperDogman's ghost, amateur GnFi


Innate Abilities, Weirdness & Mutations

You have sharp toenails.
You are partially covered in slimy green scales. (AC +2)
You sometimes gain a little power by taking damage.
You are partially covered in sharp spines.


Message History

The ogre is moderately wounded.
The ogre hits you with a giant spiked club!!
You are too injured to fight recklessly!
You are too injured to fight recklessly!
You are too injured to fight recklessly!
You are too injured to fight recklessly!
You are too injured to fight recklessly!
You are too injured to fight recklessly!
You are too injured to fight recklessly!
Your shield prevents you from hitting the ogre.
The ogre is moderately wounded.
The ogre hits you but does no damage.
You barely miss the ogre.
The ogre is moderately wounded.
The ogre hits you with a giant spiked club!
* * * LOW HITPOINT WARNING * * *
You barely miss the ogre. You claw the ogre.
The ogre is heavily wounded.
The ogre hits you with a giant spiked club!!
You die...

############
#..........#
#@########.#
#..O..######.#
#...........<#
....?..########
###.....#
#.$...# ###.###
#.#


You could see an ogre.

Vanquished Creatures
  An ogre (D:4)
  A big kobold (Sewer)
  2 crimson imps
  A hound (D:3)
  3 orc priests
  A centaur skeleton (D:5)
  2 orc wizards
  2 iguanas (D:4)
  3 worker ants
  A hound zombie (D:5)
  A hound skeleton (D:4)
  A worker ant zombie (D:5)
  9 adders
  4 river rats
  2 shadow imps (D:5)
  An ooze (D:3)
  An adder skeleton (D:4)
  2 worms (D:2)
  4 dart slugs
  4 leopard geckos
  14 orcs
  9 bats
  4 giant cockroaches
  A goblin (D:2)
  8 hobgoblins
  9 jackals
  7 kobolds
  A quokka (D:5)
  8 frilled lizards
  7 rats
114 creatures vanquished.

Notes
Turn   | Place    | Note
-------+----------+-------------------------------------------
     0 | D:1      | galech the Demonspawn Fighter began the quest for the Orb.
     0 | D:1      | Reached XP level 1. HP: 18/18 MP: 1/1
   247 | D:1      | Gained mutation: You are partially covered in sharp spines.
                  | [demonic ancestry]
   247 | D:1      | Reached XP level 2. HP: 20/24 MP: 2/2
   340 | D:1      | You fall through a shaft!
   440 | D:1      | Reached skill level 2 in Axes
   657 | D:2      | Gained mutation: You are partially covered in slimy green
                  | scales. (AC +2) [demonic ancestry]
   657 | D:2      | Reached XP level 3. HP: 29/29 MP: 3/3
   951 | D:2      | Gained mutation: You sometimes gain a little power by
                  | taking damage. [demonic ancestry]
   951 | D:2      | Reached XP level 4. HP: 35/35 MP: 4/4
  1432 | D:3      | Reached skill level 3 in Axes
  1472 | D:3      | Gained mutation: You have sharp toenails. [demonic
                  | ancestry]
  1472 | D:3      | Reached XP level 5. HP: 36/41 MP: 5/5
  1540 | D:3      | Found a glowing drain.
  1557 | Sewer    | Entered a sewer
  1632 | Sewer    | Reached XP level 6. HP: 46/48 MP: 6/6
  1650 | Sewer    | Found a glowing silver altar of Zin.
  2356 | D:3      | Reached skill level 4 in Axes
  2606 | D:4      | Reached skill level 1 in Dodging
  2881 | D:4      | Reached XP level 7. HP: 54/54 MP: 7/7
  3098 | D:5      | Entered Level 5 of the Dungeon
  3154 | D:5      | Found a runed gate.
  3154 | D:5      | Found a runed gate.
  3154 | D:5      | Found a runed gate.
  3155 | D:5      | Found a roughly hewn altar of Beogh.
  3156 | D:5      | Noticed DapperDogman's ghost (amateur GnFi)
  3241 | D:5      | Reached skill level 5 in Axes
  4281 | D:7      | Mangled by an ogre

Vault maps used:
D:1:      dpeg_arrival_lava_altar, corexii_leaking_fountain
D:2:      minmay_bisected
D:3:      portal_sewer_entry_b
D:4:      first_ration
D:5:      biasface_ghost_orc_armoury, st_stairs_12, kennysheep_generic_room_15
D:7:      temple_statues, the_bakery, hangedman_decor_diamond_cutter
Sewer:    sewer_kobolds

Skill      XL: |  1  2  3  4  5  6  7 |
---------------+----------------------+-----
Armour         | 3 4 |  4.3
Axes           | 2 3 4 5 |  5.4
Shields        | 3 4 |  4.0
Fighting       | 4 |  4.2
Dodging        | 1 2 |  2.2
Stealth        | |  0.5

Action                   |  1- 3 |  4- 6 |  7- 9 || total
-------------------------+-------+-------+-------++-------
Melee: War axe           |    67 |   141 |    58 ||   266
       Kick              |       |    17 |    24 ||    41
  Use: Scroll            |       |     1 |       ||     1
  Eat: Chunk             |       |     7 |     3 ||    10
Armor: Scale mail        |     9 |       |       ||     9
       Quicksilver drago |    23 |    51 |    31 ||   105
Dodge: Dodged            |    26 |    40 |    11 ||    77
Block: Shield            |    37 |    67 |    30 ||   134

Table legend:
 A = Non-vault XP
 B = Vault XP
 C = Vault XP percentage of total XP
 D = Non-vault monster count
 E = Vault monster count
 F = Vault count percentage of total count
                 A         B        C        D         E       F
            +---------+---------+-------+---------+---------+-------
      Total |     988 |     219 |  18.1 |      95 |      19 |  16.7
            +---------+---------+-------+---------+---------+-------
        D:1 |      17 |       0 |   0.0 |      10 |       0 |   0.0
        D:2 |      93 |      19 |  17.0 |      30 |       4 |  11.8
        D:3 |     183 |      30 |  14.1 |      17 |       5 |  22.7
        D:4 |     385 |       0 |   0.0 |      18 |       0 |   0.0
        D:5 |     297 |      35 |  10.5 |      19 |       2 |   9.5
        D:6 |      13 |       0 |   0.0 |       1 |       0 |   0.0
      Sewer |       0 |     135 | 100.0 |       0 |       8 | 100.0
            +---------+---------+-------+---------+---------+-------
